 Dungeon Crawl Stone Soup version 0.20.0-8-g6b59dc7 (webtiles) character file.

97 scalarboson the Skirmisher (level 4, -5/41 HPs)
             Began as a Hill Orc Abyssal Knight on May 30, 2017.
             Was a Follower of Lugonu.
             Slain by Natasha (6 damage)
             ... on level 2 of the Dungeon.
             The game lasted 00:03:47 (1553 turns).

scalarboson the Skirmisher (HOAK)                   Turns: 1553, Time: 00:03:48

Health: -5/41      AC:  3    Str: 14    XL:     4   Next: 68%
Magic:  5/5        EV: 11    Int: 12    God:    Lugonu [*.....]
Gold:   126        SH:  0    Dex: 11    Spells: 3/3 levels left

rFire    . . .     SeeInvis .   a - +1 hand axe
rCold    . . .     Gourm    .   (no shield)
rNeg     . . .     Faith    .   b - +0 leather armour
rPois    .         Spirit   .   (helmet restricted)
rElec    .         Reflect  .   (no cloak)
rCorr    .         Harm     .   (no gloves)
MR       +....                  (no boots)
Stlth    +.........             (no amulet)
Regen    0.2/turn               (no ring)
MPRegen  0.1/turn               (no ring)

@: no status effects
A: antennae 1, magic resistance 1
a: Depart the Abyss, Renounce Religion


You were on level 2 of the Dungeon.
You worshipped Lugonu.
Lugonu was aware of your devotion.
You were not hungry.

You visited 1 branch of the dungeon, and saw 2 of its levels.
You visited the Abyss 1 time.

You collected 126 gold pieces.

Inventory:

Hand Weapons
 a - a +1 hand axe (weapon)
Armour
 b - a +0 leather armour (worn)
Scrolls
 d - a scroll of immolation {unknown}
 e - 2 scrolls of teleportation {unknown}
 g - a scroll of remove curse {unknown}
 h - a scroll of enchant weapon {unknown}
 i - a scroll of identify {unknown}
Comestibles
 c - 3 bread rations
 f - a meat ration


   Skills:
 + Level 4.7 Fighting
 + Level 4.1 Axes
 + Level 2.4 Armour
 + Level 1.4 Dodging
 + Level 1.0 Stealth
 + Level 2.5 Invocations


You had 3 spell levels left.
You didn't know any spells.

Dungeon Overview and Level Annotations

Branches:
Dungeon (2/15)

Altars:
Ru

Annotations:
D:2 Natasha


Innate Abilities, Weirdness & Mutations

You have a pair of small antennae on your head.
You are resistant to hostile enchantments. (MR+)


Message History

Natasha claws you but does no damage.
You closely miss Natasha.
Natasha is heavily wounded.
You closely miss the white imp.
Natasha casts a spell.
The white imp gestures at you. The puff of frost hits you!
* * * LOW HITPOINT WARNING * * *
You closely miss Natasha.
Natasha is heavily wounded.
You hit the white imp. Natasha claws you.
* * * LOW HITPOINT WARNING * * *
The white imp hits you.
* * * LOW HITPOINT WARNING * * *
The white imp freezes you.
* * * LOW HITPOINT WARNING * * *
You barely miss Natasha.
Natasha is heavily wounded.
You hit the white imp but do no damage. You hit the crimson imp.
Natasha claws you.
You die...

...#.########†##.#.#......#.....#
##.#.#........#..#.###.###.#.##.#
###.#.########.##........#.#....
#.....# ##.#######..#...#..#
#.....# #....(...#.#.....#.)
#.....# #........#.#.≈≈≈.#..
####.#.#######........'.#≈...≈#..
.....#.........5......#.#≈._.≈#..
##....########.h@.......#≈...≈#..
...............5######..#.≈≈≈.#..
##....########### #.#.....#..
..........# #.#...#...
##....###.# #.# #.#.# #....#
#.#### #. .##. ###### #....# ##
###....# .######......#


You could see Natasha, a crimson imp and a white imp.

Vanquished Creatures
  Natasha (twice) (D:2)
  An ooze (D:1)
  2 dart slugs (D:2)
  A leopard gecko (D:2)
  5 bats
  2 giant cockroaches
  6 goblins
  5 hobgoblins
  7 kobolds
  5 frilled lizards (D:2)
  6 rats
42 creatures vanquished.

Notes
Turn   | Place    | Note
-------+----------+-------------------------------------------
     0 | Abyss:1  | scalarboson the Hill Orc Abyssal Knight began the quest for the Orb.
     0 | Abyss:1  | Reached XP level 1. HP: 19/19 MP: 2/2
   126 | Abyss:1  | Found a corrupted altar of Lugonu.
   139 | Abyss:1  | Noticed a raiju
   140 | Abyss:1  | Noticed a raiju
   220 | Abyss:1  | Noticed a thrashing horror
   221 | D:1      | Escaped the Abyss
   222 | D:1      | Gained mutation: You have supernaturally acute eyesight. (SInv) [potion of mutation]
   222 | D:1      | Gained mutation: You are somewhat resistant to further mutation. [potion of mutation]
   223 | D:1      | Lost mutation: You have supernaturally acute eyesight. (SInv) [potion of mutation]
   223 | D:1      | Lost mutation: You are somewhat resistant to further mutation. [potion of mutation]
   223 | D:1      | Gained mutation: You have a pair of small antennae on your head. [potion of mutation]
   223 | D:1      | Gained mutation: You are resistant to hostile enchantments. (MR+) [potion of mutation]
   307 | D:1      | Reached XP level 2. HP: 23/27 MP: 3/3
   536 | D:1      | Reached * piety under Lugonu
   962 | D:2      | Noticed Natasha
   963 | D:2      | Noticed a crimson imp
   969 | D:2      | Noticed a crimson imp
   970 | D:2      | Reached XP level 3. HP: 25/33 MP: 4/4
   972 | D:2      | Killed Natasha
   972 | D:2      | Reached skill level 1 in Dodging
   972 | D:2      | Reached skill level 1 in Stealth
  1043 | D:2      | Found a sacrificial altar of Ru.
  1274 | D:2      | Reached XP level 4. HP: 35/41 MP: 5/5
  1452 | D:2      | Noticed Natasha
  1462 | D:2      | Killed Natasha
  1542 | D:2      | Noticed Natasha
  1552 | D:2      | HP: 1/41 [white imp[Natasha] (2)]
  1553 | D:2      | Slain by Natasha

Skill      XL: |  1  2  3  4 |
---------------+-------------+-----
Fighting       | 4 |  4.7
Axes           | 3 4 |  4.1
Dodging        | 1 |  1.4
Stealth        | 1 |  1.0
Armour         | |  2.4
Invocations    | |  2.5

Action                   |  1- 3 |  4- 6 || total
-------------------------+-------+-------++-------
Melee: Hand axe          |    98 |    36 ||   134
Invok: Depart the Abyss  |     1 |       ||     1
  Use: Potion            |     5 |       ||     5
 Stab: Invisible         |     2 |       ||     2
       Sleeping          |     1 |       ||     1
  Eat: Chunk             |     1 |     1 ||     2
Armor: Leather armour    |    28 |     7 ||    35
Dodge: Dodged            |    61 |    11 ||    72
